cohdb
Replays
Latest Replays
All Replays
Popular Replays
Top Player Replays
Match Explorer
How It Works
Community
CoH3 Stats
Reddit
Sign in to upload your games and track your stats! →
Sign in with Steam
Match 44222529
Unlisted
Match 44222529
Overview
Messages
Build Orders
End
Construct Barracks
Selects Armored Battlegroup
Selects Veteran Crews
1⁄4-ton 4x4 Truck
Riflemen Squad
M1 Mortar Team
Riflemen Squad
Air Support Center
Riflemen Squad
P-47 Strafing Run
P-47 Dive Bomb
Construct Motor Pool
Grasshopper Recon Run
M24 Chaffee Light Tank
P-47 Strafing Run
Selects Fast Deploy
P-47 Dive Bomb
P-47 Strafing Run
Selects M8 Scott SPG
M8 Scott SPG
P-47 Strafing Run
Grasshopper Recon Run
P-47 Dive Bomb
M8 Scott SPG
M1 Anti-tank Gun Team
P-47 Strafing Run
M8 Scott SPG
Grasshopper Recon Run
M1 Anti-tank Gun Team
P-47 Dive Bomb
M8 Scott SPG
Grasshopper Recon Run
P-47 Strafing Run
M8 Scott SPG
P-47 Dive Bomb
Grasshopper Recon Run
P-47 Strafing Run
M1918 Browning Automatic Rifles
Riflemen Squad
P-47 Dive Bomb
Grasshopper Recon Run
P-47 Strafing Run
M8 Scott SPG
P-47 Strafing Run
M8 Scott SPG
Selects M4A3E8 Sherman Combat Group
Selects Field Repairs
P-47 Dive Bomb
M8 Scott SPG
P-47 Strafing Run
Grasshopper Recon Run
M4A3E8 Sherman Combat Group
P-47 Dive Bomb
Riflemen Squad
Field Repairs
Engineer Squad
M4A3E8 Sherman Combat Group
P-47 Strafing Run
Grasshopper Recon Run
P-47 Dive Bomb
M8 Scott SPG
Grasshopper Recon Run
P-47 Strafing Run
M8 Scott SPG
P-47 Dive Bomb
P-47 Strafing Run
M4A3E8 Sherman Combat Group
Grasshopper Recon Run
P-47 Strafing Run
Grenade Package
M8 Scott SPG
P-47 Dive Bomb
Grasshopper Recon Run
P-47 Strafing Run
M4A3E8 Sherman Combat Group
P-47 Strafing Run
Riflemen Squad
Riflemen Squad
Grasshopper Recon Run
P-47 Dive Bomb
Riflemen Squad
Grasshopper Recon Run
P-47 Strafing Run
Riflemen Squad
Riflemen Squad
P-47 Strafing Run
Riflemen Squad
Grasshopper Recon Run
P-47 Strafing Run
XuZhongwei
sittikorn.9197
vitofan
3+++
大魔王
你又破防了吧
笑川天皇
Anonym420
0
0
Comments
sign in to comment!
No comments posted yet!